 Dungeon Crawl Stone Soup version 0.27-a0-1049-g450f9b2e0d (webtiles) character file.

Game seed: 1978995962100580569

222328 kae the Alchemist (level 19, 0/222 HPs)
             Began as a Naga Transmuter on Apr 20, 2021.
             Was the Champion of Cheibriados.
             Killed from afar by a Brimstone Fiend (50 damage)
             ... with damnation
             ... created by a Zot trap
             ... on level 4 of the Spider Nest.
             The game lasted 00:41:32 (37486 turns).

kae the Alchemist (Naga Transmuter)                Turns: 37486, Time: 00:41:32

Health: 0/222      AC: 31    Str: 38      XL:     19   Next: 23%
Magic:  1/31       EV: 19    Int: 35      God:    Cheibriados [******]
Gold:   6720       SH:  0    Dex: 29 (34) Spells: 16/35 levels left

rFire    . . .     SeeInvis +     - Unarmed
rCold    . . .     Faith    .   (no shield)
rNeg     + . .     Spirit   .   (armour currently unavailable)
rPois    ∞         Reflect  .   b - +0 helmet of Weirdness {Int+4}
rElec    +         Harm     .   P - +1 cloak
rCorr    .         Rampage  .   (gloves currently unavailable)
Will     ++...                  (no barding)
Stlth    +++++.....             L - amulet of regeneration
HPRegen  1.47/turn              p - +6 ring of strength
MPRegen  0.22/turn              F - +6 ring of dexterity

@: statue-form (expiring), studying Maces & Flails, very slow
A: slow and powerful, torment resistance 1, boosted hp, AC +6, large, see
invisible, deformed body, poison resistance, (slowness 2), spit poison 1, naga
tail 2
}: 1/15 runes: decaying
a: Spit Poison, End Transformation, Renounce Religion, Bend Time, Temporal
Distortion, Slouch, Step From Time


You were on level 4 of the Spider Nest.
You worshipped Cheibriados.
Cheibriados was exalted by your worship.
You were a living statue of rough stone.
You visited 5 branches of the dungeon, and saw 31 of its levels.
You also visited: Ossuary and Bailey.

You collected 6898 gold pieces.
You spent 178 gold pieces at shops.

Inventory:

Missiles
 e - 5 throwing nets
 o - 6 atropa-tipped darts
 S - 12 curare-tipped darts
 T - 7 boomerangs of dispersal
Armour
 a - +0 swamp dragon scales (melded)
 b - the +0 helmet of Weirdness (worn) {Int+4}
   (You acquired it in a bailey)

   It affects your intelligence (+4).
 P - a +1 cloak (worn)
 V - a +0 pair of gloves of stealth (melded)
Jewellery
 f - a ring of willpower
 k - an amulet of guardian spirit
 p - a +6 ring of strength (left fist)
 A - a ring of resist corrosion
 C - a ring of wizardry
 F - a +6 ring of dexterity (right fist)
 L - an amulet of regeneration (around neck)
 U - a ring of wizardry
 X - a ring of fire
 Y - a ring of protection from cold
Wands
 r - a wand of paralysis (8)
 w - a wand of acid (13)
 I - a wand of digging (19)
 M - a wand of mindburst (11)
 Q - a wand of iceblast (42)
 Z - a wand of charming (6)
Scrolls
 h - 9 scrolls of enchant armour
 m - 5 scrolls of blinking
 n - 3 scrolls of summoning
 v - 2 scrolls of teleportation
 x - 2 scrolls of brand weapon
 y - 5 scrolls of magic mapping
 D - 6 scrolls of amnesia
 E - 2 scrolls of enchant weapon
 K - 4 scrolls of holy word
 N - 10 scrolls of identify
 O - 2 scrolls of fog
 R - 4 scrolls of fear
Potions
 c - 8 potions of attraction
 d - 4 potions of brilliance
 g - 4 potions of berserk rage
 i - 5 potions of resistance
 j - 3 potions of invisibility
 l - 4 potions of haste
 q - 5 potions of mutation
 s - 2 potions of might
 t - 15 potions of curing
 u - 3 potions of cancellation
 z - 6 potions of magic
 B - 6 potions of heal wounds
 H - a potion of ambrosia
 J - 5 potions of lignification
 W - a potion of flight


   Skills:
 - Level 11.0 Fighting
 - Level 5.0 Armour
 - Level 10.0 Dodging
 - Level 10.0 Stealth
 - Level 15.0 Unarmed Combat
 - Level 8.5 Spellcasting
 * Level 17.4 Transmutations
 - Level 4.0 Ice Magic
 - Level 3.0 Poison Magic
 - Level 14.0 Invocations
 - Level 5.0 Evocations


You had 16 spell levels left.
You knew the following spells:

 Your Spells              Type           Power      Damage    Failure   Level
a - Beastly Appendage     Tmut           100%       N/A       0%          1
b - Spider Form           Tmut/Pois      36%        N/A       1%          3
c - Ice Form              Ice/Tmut       74%        N/A       1%          4
d - Hydra Form            Tmut           47%        N/A       1%          5
e - Statue Form           Tmut/Erth      44%        N/A       12%         6

Your spell library contained the following spells:

 Spells                   Type           Power      Damage    Failure   Level
 Wereblood                Tmut           95%        N/A       0%          2
 Freeze                   Ice            100%       1d11      1%          1
 Ensorcelled Hibernation  Hex/Ice        56%        N/A       1%          2
 Passwall                 Tmut/Erth      55%        N/A       1%          2
 Petrify                  Tmut/Erth      66%        N/A       1%          4
 Poisonous Vapours        Pois/Air       50%        N/A       2%          2
 Animate Skeleton         Necr           28%        N/A       3%          1
 Apportation              Tloc           28%        N/A       3%          1
 Corona                   Hex            15%        N/A       3%          1
 Pain                     Necr           56%        1d6       3%          1
 Sandblast                Erth           28%        2d8       3%          1
 Summon Small Mammal      Summ           56%        N/A       3%          1
 Call Imp                 Summ           14%        N/A       4%          2
 Static Discharge         Conj/Air       14%        N/A       4%          2
 Mephitic Cloud           Conj/Pois/Air  21%        N/A       6%          3
 Call Canine Familiar     Summ           14%        N/A       9%          3
 Confusing Touch          Hex            14%        N/A       9%          3
 Conjure Flame            Conj/Fire      14%        6-21      9%          3
 Dazzling Flash           Conj/Hex       28%        N/A       9%          3
 Stone Arrow              Conj/Erth      28%        3d8       9%          3
 Summon Guardian Golem    Hex/Summ       14%        N/A       9%          3
 Tukima's Dance           Hex            14%        N/A       9%          3
 Vampiric Draining        Necr           7%         2d7       9%          3
 Summon Ice Beast         Ice/Summ       28%        N/A       13%         4
 Animate Armour           Summ/Erth      28%        N/A       28%         4
 Animate Dead             Necr           7%         N/A       28%         4
 Leda's Liquefaction      Hex/Erth       7%         N/A       28%         4
 Summon Lightning Spire   Summ/Air       14%        N/A       28%         4
 Metabolic Englaciation   Hex/Ice        14%        N/A       34%         5
 Agony                    Necr           14%        N/A       63%         5
 Bolt of Magma            Conj/Fire/Erth 7%         4d6       63%         5
 Iskenderun's Battlesphe  Conj           14%        2d7       63%         5
 Lee's Rapid Deconstruct  Erth           7%         3d7*      63%         5
 Lightning Bolt           Conj/Air       7%         1d19      63%         5
 Freezing Cloud           Conj/Ice/Air   12%        6-21      95%         6
 Iron Shot                Conj/Erth      7%         9d2       99%         6
 Orb of Destruction       Conj           7%         9d3       100%        7
 Spellforged Servitor     Conj/Summ      7%         N/A       100%        7
 Discord                  Hex            7%         N/A       100%        8
 Ignition                 Fire           7%         3d4       100%        8
 Shatter                  Erth           7%         3d9*      100%        9
 Tornado                  Air            7%         N/A       100%        9


Dungeon Overview and Level Annotations

Branches:
Dungeon (15/15)            Temple (0/1) D:6            Lair (6/6) D:9
  Swamp (4/4) Lair:2       Spider (4/4) Lair:2        Slime (0/5) Lair:6
    Orc (2/2) D:9             Elf (0/3) Orc:2        Vaults (0/5) D:13
 Depths (0/5) D:15        Ossuary (visited)          Bailey (visited)

Altars:
Cheibriados
Fedhas
Makhleb
Okawaru
Ru
Sif Muna
Xom
Beogh
Jiyva

Shops:
D:3 *   D:4 *   Orc:1 *   Orc:2 ?[!(?

Portals:
Trove: D:14 (give 10 potions of heal wounds)

Annotations:
D:5 exclusion: oklob plant
D:8 Maggie
Lair:6 2 runed translucent doors
Swamp:3 2 transporters


Innate Abilities, Weirdness & Mutations

You are a living statue of rough stone.
Your actions are slow, but your melee attacks are powerful.
You are resistant to unholy torment.
Your maximum health is greatly increased.
Your equipment is partially melded.
((Your serpentine skin is tough. (AC +6)))
You have supernaturally acute eyesight. (SInv)
Armour fits poorly on your strangely shaped body.
Your system is resistant to poisons. (rPois)
((You cover ground very slowly.))
You can spit poison.
You can use your snake-like lower body to constrict enemies.


Message History

You kill the redback!
Cheibriados thoroughly appreciates the change of pace.
The ghost moth stares at you. The jumping spider barely misses you.
The jumping spider closely misses you.
You closely miss the jumping spider. You grab the jumping spider.
The jumping spider is heavily wounded.
You constrict the jumping spider!
The jumping spider completely misses you. x2
The ghost moth closely misses you.
The ghost moth hits you but does no damage.
The ghost moth barely misses you.
The Brimstone Fiend calls on the powers of darkness!
The redback convulses!
The ghost moth convulses!
The emperor scorpion convulses!
Your body is wracked with pain!
* * * LOW HITPOINT WARNING * * *
The jumping spider convulses!
The jumping spider leaps free!
You pummel the ghost moth like a punching bag!!!!
You kill the ghost moth!
Cheibriados thoroughly appreciates the change of pace.
Your transformation is almost over.
The redback bites you but does no damage.
You hit the jumping spider. You grab the jumping spider.
The jumping spider is almost dead.
You constrict the jumping spider.
You kill the jumping spider!
Cheibriados thoroughly appreciates the change of pace.
The redback barely misses you.
The Brimstone Fiend calls on the powers of darkness!
The emperor scorpion convulses!
The redback convulses!
Your body is wracked with pain!
* * * LOW HITPOINT WARNING * * *
The redback misses you.
You closely miss the redback. You grab the redback. You punch the redback!
The redback is almost dead.
You constrict the redback.
You kill the redback!
Cheibriados thoroughly appreciates the change of pace.
The Brimstone Fiend gestures at you.
The sphere of damnation explodes!
The damnation engulfs you!!!
You die...

*^,^*****#.≈^#^^^#≈..^..#...^,##*
,*,*,,***#≈^..^.s.≈#^^≈,,†≈#,^.##
,,,,,,,,*##.[##^s.##*####.†##.^.,
,*,,**,,,..#.#...#.#####.......#.
,,*****,....,#....^.#........#...
*** **##.,#..##†#^.....##...... *
*.^,#..*#1s†#)#..†.####.*
*,,,#..##†#....#.#..# ***
**,,.#.†8##...#.##..#
**.^#.#^...^#...#..###
*,......†.#^..#.....## ****
*#..##..#.##..#...#..# ,,,**
#.*^*#.#..##.........# ,,^^*
#,,,*#..#.###...##..###
,*,,*******,,,,..#.#.#..#.#.....#
**,,,**,**,,,*........#..^#..#...
**^,,*,,,*,,****#..#..#.#.....#.#


You could see an emperor scorpion and a Brimstone Fiend.

Vanquished Creatures
  Jorgrun (D:12)
  Agnes (Spider:1)
  3 thorn hunters
  Donald (Spider:4)
  Roxanne (D:15)
  4 ghost moths (Spider:4)
  An orc warlord (Bailey)
  Aizul (Swamp:1)
  3 emperor scorpions
  An ironbound preserver (D:13)
  A dire elephant (D:15)
  7 bunyips
  An entropy weaver (Spider:2)
  A spark wasp (Spider:4)
  A shambling mangrove (Swamp:4)
  An eleionoma (Swamp:3)
  18 hydras
  4 boulder beetles
  2 ogre magi (Orc:2)
  2 ghost crabs
  11 alligators
  2 catoblepae
  5 centaur warriors
  12 two-headed ogres
  3 tengu warriors
  4 death yaks
  2 orc high priests
  A spriggan berserker (Swamp:4)
  Nergalle (Orc:1)
  Sonja (Lair:6)
  A fire crab (Lair:6)
  3 goliath frogs
  A spriggan druid (Swamp:2)
  2 deep trolls (Orc:2)
  10 bog bodies
  A harpy (Spider:3)
  18 swamp dragons
  A wizard (D:15)
  Pikel (D:7)
  A deep elf pyromancer (D:15)
  12 orb spiders
  3 oklob plants (Lair:2)
  4 orc knights
  A salamander (D:15)
  A salamander (shapeshifter) (D:15)
  29 wolf spiders
  3 orc sorcerers
  17 ugly things
  5 manticores
  8 will-o-the-wisps
  4 moths of wrath
  5 centaur zombies
  9 cyclopes
  9 elephants
  2 torpor snails
  Joseph (D:7)
  3 molten gargoyles (Lair:6)
  Maurice (D:12)
  9 cane toads
  6 black mambas
  2 gargoyles
  An efreet (D:15)
  4 unseen horrors
  3 rime drakes
  14 demonic crawlers
  10 komodo dragons
  A tengu conjurer (D:13)
  14 trolls
  23 jumping spiders
  3 meliai (D:13)
  6 tyrant leeches
  15 slime creatures
  4 polar bears
  18 blink frogs
  17 hornets
  A dream sheep (Lair:2)
  49 redbacks
  Sigmund (D:6)
  2 vampires
  A shadow (D:13)
  35 tarantellas
  58 yaks
  7 wyverns
  A wraith (D:10)
  11 spriggans
  A tarantella (shapeshifter) (D:14)
  7 basilisks
  A golden eye (shapeshifter) (D:15)
  Menkaure (D:6)
  2 steam dragons
  6 wargs
  7 vampire mosquitoes
  11 swamp worms
  4 acid dragons
  3 hell hounds (Lair:6)
  19 water moccasins
  6 swamp drakes (Swamp:4)
  20 orc warriors
  Purgy (D:4)
  2 ice beasts
  A sky beast (D:5)
  3 black bears
  25 ogres
  11 centaurs
  A phantom (D:7)
  3 lemures (D:7)
  Blork the orc (D:5)
  2 wyvern zombies
  12 bullfrogs
  3 gnoll sergeants
  A scorpion (D:6)
  3 wights (D:6)
  9 killer bees
  4 electric eels
  8 howler monkeys
  A crimson imp (D:6)
  5 lava snakes (Lair:6)
  A hound (D:6)
  15 orc priests
  2 jellies
  4 iguanas
  Natasha (thrice) (D:2)
  19 orc wizards
  7 hell rats (Lair:4)
  9 mummies
  2 howler monkey zombies
  Robin (D:4)
  27 gnolls
  8 adders
  2 white imps
  An adder skeleton (D:4)
  2 worms
  3 dart slugs
  93 orcs
  6 ball pythons
  4 bats
  7 endoplasms
  A giant cockroach (D:1)
  A gnoll zombie (Ossuary)
  18 goblins
  11 hobgoblins
  7 jackals
  5 quokkas
  4 frilled lizards
  4 hobgoblin zombies (Ossuary)
  18 kobolds
  3 kobold zombies
  2 orc zombies
  7 rats
  A briar patch (Swamp:3)
1051 creatures vanquished.

Vanquished Creatures (others)
  A goliath frog (Swamp:4)
  5 bloated husks
  2 gnolls (D:8)
  A briar patch (Swamp:3)
  31 foxfires
  18 fungi
  38 plants
96 creatures vanquished.

Grand Total: 1147 creatures vanquished

Notes
Turn   | Place    | Note
-------+----------+-------------------------------------------
     0 | D:1      | kae the Naga Transmuter began the quest for the Orb.
     0 | D:1      | Reached XP level 1. HP: 18/18 MP: 3/3
   363 | D:1      | Reached XP level 2. HP: 23/25 MP: 3/5
   700 | D:1      | Found a faded altar of an unknown god.
  1055 | D:1      | Reached XP level 3. HP: 22/31 MP: 4/6
  1059 | D:1      | Learned a level 3 spell: Spider Form
  1725 | D:2      | Noticed Natasha
  1874 | D:2      | Killed Natasha
  1875 | D:2      | Reached skill level 1 in Poison Magic
  1875 | D:2      | Reached XP level 4. HP: 23/38 MP: 3/7
  1916 | D:2      | Noticed Natasha
  1930 | D:2      | Killed Natasha
  1962 | D:2      | Noticed Natasha
  2194 | D:2      | Killed Natasha
  2195 | D:2      | Reached skill level 3 in Transmutations
  2431 | D:2      | Reached XP level 5. HP: 44/45 MP: 8/8
  3668 | D:3      | Reached XP level 6. HP: 52/52 MP: 5/9
  3709 | D:3      | Found a snail-covered altar of Cheibriados.
  3720 | D:3      | Became a worshipper of Cheibriados the Contemplative
  4094 | D:3      | Found Igugothri's General Store.
  4102 | D:3      | Bought a scroll of identify for 28 gold pieces
  4102 | D:3      | Bought a potion of might for 56 gold pieces
  4234 | D:3      | Identified a scroll of acquirement
  4234 | D:3      | Acquired 1019 gold pieces
  4317 | D:4      | Noticed Robin
  4327 | D:4      | Killed Robin
  4352 | D:4      | Reached * piety under Cheibriados
  4565 | D:4      | Noticed Purgy
  4567 | D:4      | Found Qosoups's Lightly-Used Armoury.
  4804 | D:4      | Killed Purgy
  4906 | D:4      | Reached XP level 7. HP: 61/61 MP: 11/11
  5053 | D:4      | Reached skill level 4 in Transmutations
  5211 | D:4      | Found a sacrificial altar of Ru.
  5423 | D:4      | Reached skill level 5 in Unarmed Combat
  5533 | D:4      | Acquired 774 gold pieces
  5567 | D:5      | Entered Level 5 of the Dungeon
  5594 | D:5      | Learned a level 4 spell: Ice Form
  5756 | D:5      | Found a blossoming altar of Fedhas.
  5771 | D:5      | Noticed an oklob plant
  6156 | D:5      | Noticed Blork the orc
  6169 | D:5      | Killed Blork the orc
  6170 | D:5      | Reached skill level 1 in Ice Magic
  6170 | D:5      | Reached XP level 8. HP: 43/69 MP: 7/13
  6702 | D:5      | Reached ** piety under Cheibriados
  6911 | D:5      | You fall into a shaft and drop 2 floors!
  7007 | D:7      | Reached skill level 5 in Transmutations
  7112 | D:7      | Noticed Pikel
  7127 | D:7      | Killed Pikel
  7255 | D:7      | Noticed Joseph
  7412 | D:7      | Killed Joseph
  7413 | D:7      | Reached XP level 9. HP: 54/78 MP: 5/15
  7621 | D:7      | Reached skill level 6 in Transmutations
  8194 | D:6      | Found a sand-covered staircase.
  8199 | Ossuary  | Entered an ossuary
  8252 | Ossuary  | Reached *** piety under Cheibriados
  8620 | D:6      | Found a staircase to the Ecumenical Temple.
  8820 | D:6      | Found a burning altar of Makhleb.
  8931 | D:6      | Learned a level 5 spell: Hydra Form
  9040 | D:6      | Noticed Menkaure
  9049 | D:6      | Killed Menkaure
  9472 | D:6      | Reached skill level 7 in Transmutations
  9624 | D:6      | Noticed Sigmund
  9635 | D:6      | Killed Sigmund
  9636 | D:6      | Reached XP level 10. HP: 63/87 MP: 7/17
 10204 | D:6      | Reached skill level 5 in Fighting
 10414 | D:7      | Reached skill level 5 in Spellcasting
 10647 | D:7      | Reached skill level 1 in Invocations
 10650 | D:7      | Reached **** piety under Cheibriados
 10943 | D:7      | Found a shimmering blue altar of Sif Muna.
 11051 | D:8      | Noticed a red ugly thing
 11167 | D:5      | Found a shimmering altar of Xom.
 11410 | D:8      | Noticed Maggie
 11765 | D:8      | Killed a red ugly thing
 11844 | D:8      | Noticed a centaur warrior
 12214 | D:7      | Killed a centaur warrior
 12215 | D:7      | Reached skill level 8 in Transmutations
 13587 | D:9      | Found a flagged portal.
 13616 | D:8      | Reached skill level 5 in Dodging
 13773 | Bailey   | Entered a bailey
 13818 | Bailey   | Noticed an orc warlord
 13955 | Bailey   | Noticed an orc knight
 13966 | Bailey   | Killed an orc knight
 13967 | Bailey   | Reached XP level 11. HP: 52/96 MP: 5/19
 14198 | Bailey   | Found a runed translucent gate.
 14201 | Bailey   | Found a runed translucent gate.
 14203 | Bailey   | Found a runed translucent gate.
 14209 | Bailey   | Noticed an orc knight
 14220 | Bailey   | Killed an orc knight
 14493 | Bailey   | Killed an orc warlord
 14591 | Bailey   | Acquired the +0 helmet of Weirdness {Int+4}
 14611 | D:9      | Reached ***** piety under Cheibriados
 14733 | D:9      | Found a staircase to the Lair.
 15003 | D:9      | Noticed a two-headed ogre
 15010 | D:9      | Killed a two-headed ogre
 15011 | D:9      | Reached skill level 9 in Transmutations
 15011 | D:9      | Reached skill level 5 in Invocations
 15631 | D:9      | Found a staircase to the Orcish Mines.
 15724 | D:8      | Noticed a two-headed ogre
 15730 | D:8      | Killed a two-headed ogre
 15981 | D:10     | Entered Level 10 of the Dungeon
 16095 | D:10     | Identified the Catalogue of Congealing Hexes
 16131 | D:10     | Found an iron altar of Okawaru.
 16173 | D:10     | Noticed a two-headed ogre
 16179 | D:10     | Killed a two-headed ogre
 16572 | D:10     | Reached XP level 12. HP: 106/106 MP: 14/21
 16889 | D:10     | Found the +8 Wrath of Trog {antimagic, *Rage}
 16899 | D:10     | Reached skill level 10 in Unarmed Combat
 17669 | D:11     | Reached ****** piety under Cheibriados
 17917 | D:11     | Reached skill level 10 in Transmutations
 18395 | D:12     | Noticed Maurice
 18400 | D:12     | Killed Maurice
 18981 | D:12     | Noticed Jorgrun
 18990 | D:12     | Killed Jorgrun
 18991 | D:12     | Gained mutation: You can use your snake-like lower body to
                  | constrict enemies. [Naga growth]
 18991 | D:12     | Reached XP level 13. HP: 115/115 MP: 18/23
 19318 | Lair:1   | Entered Level 1 of the Lair of Beasts
 20216 | Lair:2   | Found a hole to the Spider Nest.
 20219 | Lair:2   | Reached skill level 11 in Transmutations
 20274 | Lair:2   | Found a dark tunnel.
 20454 | Lair:2   | Found a staircase to the Swamp.
 21964 | Lair:3   | Reached skill level 10 in Invocations
 21964 | Lair:3   | Reached XP level 14. HP: 127/127 MP: 25/25
 21997 | Lair:4   | Reached skill level 12 in Transmutations
 22353 | Lair:4   | You fall into a shaft and drop 1 floor!
 22401 | Lair:5   | Reached XP level 15. HP: 134/134 MP: 26/26
 23879 | Lair:6   | Entered Level 6 of the Lair of Beasts
 23892 | Lair:6   | Noticed Sonja
 24413 | Lair:6   | Found a large runed translucent door.
 24592 | Lair:6   | Found a large runed translucent door.
 24728 | Lair:6   | Found a viscous altar of Jiyva.
 24728 | Lair:6   | Found a staircase to the Slime Pits.
 24924 | Lair:6   | Killed Sonja
 25378 | Orc:1    | Entered Level 1 of the Orcish Mines
 25394 | Orc:1    | Noticed Nergalle
 25407 | Orc:1    | Killed Nergalle
 25408 | Orc:1    | Reached skill level 13 in Transmutations
 25409 | Orc:1    | Found Ziry's General Store.
 25438 | Orc:1    | Bought a potion of lignification for 42 gold pieces
 25765 | Orc:1    | Acquired 924 gold pieces
 25782 | Orc:2    | Entered Level 2 of the Orcish Mines
 26178 | Orc:2    | Reached XP level 16. HP: 123/144 MP: 24/28
 26182 | Orc:2    | Found Laptugg's Distillery.
 26221 | Orc:2    | Found Oqep's Antique Weapon Shop.
 26268 | Orc:2    | Found Fuoric's Armour Emporium.
 26279 | Orc:2    | Found Gemmacsi's Magic Scroll Shop.
 26324 | Orc:2    | Found Loyggow's Magic Scroll Shop.
 26347 | Orc:2    | Bought a scroll of magic mapping for 52 gold pieces
 26494 | Orc:2    | Found a staircase to the Elven Halls.
 27210 | D:13     | Reached skill level 10 in Fighting
 27239 | D:13     | Found a gate to the Vaults.
 27924 | D:14     | Found a portal to a secret trove of treasure.
 28569 | D:15     | Entered Level 15 of the Dungeon
 28742 | D:15     | Reached skill level 14 in Transmutations
 28761 | D:15     | Noticed Roxanne
 29372 | D:15     | Found a staircase to the Depths.
 29584 | D:15     | Killed Roxanne
 29594 | D:15     | Learned a level 6 spell: Statue Form
 29655 | D:15     | Reached XP level 17. HP: 154/154 MP: 24/29
 29896 | Swamp:1  | Entered Level 1 of the Swamp
 30325 | Swamp:1  | Noticed Aizul
 30331 | Swamp:1  | Killed Aizul
 30744 | Swamp:1  | Acquired a +0 pair of gloves of stealth
 30804 | Swamp:2  | Reached skill level 1 in Stealth
 31457 | Swamp:2  | You fall into a shaft and drop 1 floor!
 31457 | Swamp:3  | Found a transporter.
 31579 | Swamp:2  | Acquired 631 gold pieces
 31783 | Swamp:3  | Found a transporter.
 31787 | Swamp:3  | Reached skill level 5 in Stealth
 31787 | Swamp:3  | Reached skill level 15 in Unarmed Combat
 31824 | Swamp:3  | Reached skill level 15 in Transmutations
 32124 | Swamp:4  | Entered Level 4 of the Swamp
 32960 | Swamp:4  | Reached skill level 1 in Armour
 33154 | Swamp:4  | Reached XP level 18. HP: 165/165 MP: 26/30
 33315 | Swamp:4  | Got a decaying rune of Zot
 33610 | Spider:1 | Entered Level 1 of the Spider Nest
 33619 | Spider:1 | Reached skill level 10 in Stealth
 33995 | Spider:1 | Noticed Agnes
 34002 | Spider:1 | Killed Agnes
 34213 | Spider:1 | You fall into a shaft and drop 1 floor!
 34248 | Spider:2 | Reached skill level 1 in Evocations
 34549 | Spider:2 | You fall into a shaft and drop 1 floor!
 35653 | Spider:2 | Reached skill level 16 in Transmutations
 35813 | Spider:3 | Reached skill level 10 in Dodging
 35879 | Spider:3 | Reached skill level 5 in Armour
 37006 | Spider:4 | Entered Level 4 of the Spider Nest
 37061 | Spider:4 | Noticed Donald
 37067 | Spider:4 | Killed Donald
 37325 | Spider:4 | Reached XP level 19. HP: 156/171 MP: 31/31
 37426 | Spider:4 | Reached skill level 5 in Evocations
 37435 | Spider:4 | Reached skill level 17 in Transmutations
 37445 | Spider:4 | Noticed a Brimstone Fiend
 37486 | Spider:4 | Killed from afar by a Brimstone Fiend

Illustrated notes

Levels and vault maps discovered:
D:1:      minmay_arrival_five_plusses, layout_loops_ring,
          shapermc_ecumenical_altar_notcrosses
D:2:      layout_rooms, uniq_natasha
D:3:      layout_loops_cross, overflow_temple_1_default, serial_shops,
          shop_statue, minmay_between
D:4:      layout_rooms, nicolae_ru_path_of_blood, minmay_shop_damaged,
          kennysheep_nondescript, serial_bayou_pond_d, uniq_purgy, uniq_edmund,
          uniq_robin
D:5:      layout_loops_corners, tgw_xom, tgw_fedhas, minivault_25,
          uniq_blork_the_orc
D:6:      layout_cave_pods, amcnicky_altar_gilded,
          minmay_temple_entry_drinking_statues, nicolae_ossuary_entry_giza,
          minmay_fountain_box, minmay_misc_feat_iff, minmay_fire_ice_demons,
          uniq_menkaure, uniq_sigmund
D:7:      layout_loops_ring, nicolae_sif_muna_little_library,
          minmay_misc_feat_cross, uniq_pikel, uniq_joseph
D:8:      cheibrodos_elevator_heist, layout_basic, uniq_maggie
D:9:      layout_long_grid, erik_lair_orcish_takeover, orc_0_dummy, special_room
          [special_room_orc], enter_bailey_3, minmay_door_square
D:10:     minmay_angry_zag, layout_basic, okawaru_trees_2
D:11:     layout_rooms, grunt_decor_clamped, minmay_radiant
D:12:     layout_roguey, chequers_serial_rivers_micro_c, uniq_jorgrun,
          uniq_maurice
D:13:     layout_cave_pods, skrybe_vaults_entry_preservation
D:14:     layout_rooms, hellmonk_bongcloud_opening,
          nicolae_trove_entry_isolated, grunt_decor_mini_mirrors
D:15:     hangedman_depths_entry_try_elsewhere_first, layout_loops_cross,
          minmay_misc_feat_tiny, lightli_corner_chamber, uniq_roxanne
Lair:1:   layout_small_grid, ldierk_geyser, st_stairs_3, serial_bayou_pond_c,
          serial_bayou_shore_b
Lair:2:   layout_cave_shapes, minmay_swamp_entry_reptiles, spider_nest_entry_a,
          lightli_volcano_entry_magma_tube, hangedman_lair_generics_rect,
          serial_bayou_shore_b, minmay_lair_oklob_chamber
Lair:3:   layout_loops_ring, infiniplex_staircase_pool_2
Lair:4:   layout_cave_pods, infiniplex_staircase_pool, lemuel_fruit_fields
Lair:5:   layout_roguey, nicolae_lair_yak_garden
Lair:6:   cheibrodos_lair_end_hotspot, layout_cave_shapes, slime_altar_1,
          serial_bayou_shore_a, uniq_sonja
Swamp:1:  layout_basic_swamp, nicolae_swamp_oxbows, uniq_aizul
Swamp:2:  layout_falls_marsh, serial_swamp_ruin, evilmike_swamp_ruin_house_4,
          evilmike_swamp_ruin_house_3
Swamp:3:  gammafunk_worm_tunnel, layout_basic_swamp,
          nicolae_swamp_round_clearing, swamp_pool1
Swamp:4:  swamp_basic_johnstein, layout_basic_swamp, swamp_pool1
Spider:1: layout_spider_delve, hangedman_spider_tarantella_strand, uniq_agnes
Spider:2: layout_spider_delve
Spider:3: layout_chambers
Spider:4: grunt_spider_rune_island, uniq_donald
Orc:1:    layout_caves, serial_shops, nicolae_shop_stone, uniq_nergalle
Orc:2:    st_orc_open, layout_caves, serial_shops, nicolae_shop_behind_doors,
          kennysheep_orc_chapel

Skill      XL: |  1  2  3  4  5  6  7  8  9 10 11 12 13 14 15 16 17 18 19 |
---------------+----------------------------------------------------------+-----
Poison Magic   | 1 2 3 |  3.0
Dodging        | 2 3 4 5 6 7 8 9 10 | 10.0
Transmutations | 3 4 5 7 8 9 10 11 12 13 14 15 16 17 | 17.4
Unarmed Combat | 4 5 6 7 8 9 11 12 13 14 15 | 15.0
Fighting       | 2 3 4 5 6 7 8 9 10 11 | 11.0
Spellcasting   | 3 4 5 6 7 8 |  8.5
Ice Magic      | 1 3 4 |  4.0
Invocations    | 3 6 8 10 12 13 14 | 14.0
Stealth        | 8 10 | 10.0
Armour         | 1 5 |  5.0
Evocations     | 4 5 |  5.0

Action                   |  1- 3 |  4- 6 |  7- 9 | 10-12 | 13-15 | 16-18 | 19-21 || total
-------------------------+-------+-------+-------+-------+-------+-------+-------++-------
Melee: Unarmed           |    69 |   156 |   202 |   355 |   420 |   725 |    62 ||  1989
       Headbutt          |     6 |     1 |       |       |       |       |       ||     7
       Punch             |     1 |     1 |     1 |       |       |    63 |    10 ||    76
       Constrict         |       |       |       |       |     1 |   121 |    12 ||   134
 Cast: Beastly Appendage |    13 |     3 |       |       |       |     1 |       ||    17
       Spider Form       |     2 |    24 |    15 |       |       |       |       ||    41
       Ice Form          |       |       |    15 |     4 |       |       |       ||    19
       Hydra Form        |       |       |     4 |    47 |    56 |    27 |       ||   134
       Statue Form       |       |       |       |       |       |    72 |     3 ||    75
Invok: Bend Time         |       |       |       |       |     1 |     1 |       ||     2
       Slouch            |       |       |       |       |       |     2 |     1 ||     3
       Temporal Distorti |       |       |       |       |       |     2 |       ||     2
       Step From Time    |       |       |       |       |       |     1 |       ||     1
 Abil: Spit Poison       |    19 |    25 |    12 |       |       |    23 |     7 ||    86
Evoke: Wand              |       |       |       |       |    13 |    19 |     5 ||    37
  Use: Scroll            |       |     7 |     7 |    12 |    10 |     6 |     1 ||    43
       Potion            |       |       |     4 |     2 |     1 |     1 |       ||     8
 Stab: Sleeping          |       |       |       |     1 |     2 |     6 |       ||     9
       Petrified         |       |       |       |       |     9 |       |       ||     9
       Distracted        |       |       |       |       |     1 |     3 |       ||     4
Armor: Robe              |    16 |    13 |     1 |     4 |     1 |     4 |       ||    39
       Skin              |     1 |     8 |    34 |   128 |    90 |   615 |   115 ||   991
       Swamp dragon scal |       |       |       |       |       |    37 |     2 ||    39
Dodge: Dodged            |    39 |   133 |   154 |   239 |   298 |  1378 |   185 ||  2426

Table legend: (Time is in decaauts)
 A = Elapsed time spent in this place.
 B = Non-inter-level travel time spent in this place.
 C = Inter-level travel time spent in this place.
 D = Time resting spent in this place.
 E = Time spent auto-exploring this place.
 F = Levels seen in this place.
 G = Mean time per level.
                   A        B        C        D        E       F      G
               +--------+--------+--------+--------+--------+-----+--------+
         Total |  67676 |  62415 |   5261 |   3949 |  50550 |  33 | 2050.8 |
       Dungeon |  33048 |  30163 |   2885 |   2474 |  24617 |  15 | 2203.2 |
          Lair |  13276 |  12314 |    962 |    487 |  10647 |   6 | 2212.7 |
         Swamp |   8360 |   7409 |    951 |    516 |   5493 |   4 | 2090.0 |
   Spider Nest |   8446 |   8222 |    224 |    331 |   6486 |   4 | 2111.5 |
  Orcish Mines |   2872 |   2635 |    237 |      0 |   2292 |   2 | 1436.0 |
       Ossuary |    508 |    508 |      0 |     16 |    349 |   1 |  508.0 |
        Bailey |   1163 |   1163 |      0 |    124 |    664 |   1 | 1163.0 |
               +--------+--------+--------+--------+--------+-----+--------+

Top non-repeatable levels by time:
     D:7: 3614 daAuts
Spider:3: 3355 daAuts
 Swamp:4: 3001 daAuts
     D:6: 2943 daAuts
  Lair:6: 2830 daAuts
     D:9: 2819 daAuts
     D:5: 2632 daAuts
     D:8: 2569 daAuts
  Lair:4: 2506 daAuts
Spider:2: 2469 daAuts
    D:15: 2464 daAuts
  Lair:2: 2366 daAuts
    D:10: 2357 daAuts
     D:1: 2306 daAuts
    D:13: 2144 daAuts
